 Dungeon Crawl Stone Soup version 0.32-a0-7-ge934b4519a (webtiles) character file.

Game seed: 11566288250902686690

65 miscthings the Changeling (level 4, 0/41 HPs)
             Began as an Oni Shapeshifter on Jan 14, 2024.
             Slain by Robin
             ... wielding a +0 trident
              (7 damage)
             ... on level 2 of the Dungeon.
             The game lasted 00:01:19 (738 turns).

miscthings the Changeling (Oni Shapeshifter)         Turns: 738, Time: 00:01:19

Health: 0/41       AC:  3    Str: 18    XL:     4   Next: 13%
Magic:  4/4        EV:  9    Int: 11    God:
Gold:   98         SH:  0    Dex: 10    Spells: 3/3 levels left

rFire   . .          .
                       - Unarmed
rCold   . . .        (no shield)
rNeg    . . .        a - +0 animal skin
rPois   .            (helmet currently unavailable)
rElec   .            (cloak currently unavailable)
rCorr   .            (gloves unavailable)
SInv    .            (boots unavailable)
Will    .....        f - amulet of the acrobat
Stlth   +            (no ring)
HPRegen 0.26/turn    (no ring)
MPRegen 0.09/turn

%: acrobat
@: beast-form
A: beast (slay +2), large, unfitting armour, horns 1, tough skin 1, double
potion healing, drunken brawling
a: Begin Untransformation


You were on level 2 of the Dungeon.
You were a hulking beast.
You visited 1 branch of the dungeon, and saw 2 of its levels.

You collected 98 gold pieces.

Inventory:

Armour
 a - a +0 animal skin (worn)
Jewellery
 f - an amulet of the acrobat (around neck)
Talismans
 c - a beast talisman
 d - a flux talisman
Scrolls
 e - 2 scrolls of noise {unknown}
 g - a scroll of enchant weapon {unknown}
 j - 3 scrolls of teleportation {unknown}
 k - a scroll of butterflies {unknown}
Potions
 b - a potion of lignification
 h - a potion of degeneration {unknown}
 i - a potion of mutation {unknown}


   Skills:
 - Level 1.3 Fighting
 - Level 1.7 Dodging
 - Level 2.6 Unarmed Combat
 + Level 4.6 Shapeshifting


You had 3 spell levels left.
You didn't know any spells.
Your spell library was empty.

Dungeon Overview and Level Annotations

Branches:
Dungeon (2/15)

Altars:

Shops:
D:2 [

Annotations:
D:2 Robin


Innate Abilities, Weirdness & Mutations

You are a hulking beast.
Your limbs bulge with bestial killing power. (Slay +2)
You are too large for most types of armour.
You have a pair of small horns on your head.
You have tough skin. (AC +1)
You gain doubled healing and magic from potions.
Whenever you drink a healing potion, you attack all around you.


Message History

Items here: )) ? †.
You hit Robin.
Robin is moderately wounded.
The hobgoblin closely misses you. Robin barely misses you.
The goblin hits you with a +0 club.
You hit Robin. Your headbutt misses Robin.
Robin is moderately wounded.
The hobgoblin barely misses you. Robin hits you with a +0 trident.
The goblin hits you with a +0 club.
You barely miss Robin.
Robin is moderately wounded.
The goblin no longer looks unusually strong.
The hobgoblin hits you but does no damage.
Robin roars a battlecry!
The goblin goes into a battle-frenzy!
The goblin hits you with a +0 club.
* * * LOW HITPOINT WARNING * * *
You hit Robin but do no damage.
Robin is moderately wounded.
The hobgoblin barely misses you. Robin barely misses you.
The goblin hits you with a +0 club.
* * * LOW HITPOINT WARNING * * *
The hobgoblin no longer looks unusually strong.
Robin misses you.
Robin roars a battlecry!
The hobgoblin goes into a battle-frenzy!
You hit the hobgoblin. You headbutt the hobgoblin.
You kill the hobgoblin!
Robin throws the goblin at you! The goblin barely misses you.
The goblin completely misses you.
You hit the goblin.
You kill the goblin!
Unknown command.
Okay, then.
Okay, then.
You punch Robin! Your headbutt misses Robin.
Robin is almost dead.
Robin hits you with a +0 trident!
You die...
Robin lets out a smug laugh.

#..#.####.....#
#.##.#.......>#
#.#..#.#.......
###...##.#.......
#...###..#.).....
###)......###..†..#
##..g...####
##....# #.g##..##
####.# ###.#h)..#
#.. #.....#.## ###
#..##.##)# #..#...
#)# ......## #..
.....# .... ..[..
.#... ### ## ....
.....


You could see Robin.

Vanquished Creatures
  2 adders (D:2)
  A dart slug (D:1)
  A ball python (D:1)
  2 endoplasms (D:1)
  2 giant cockroaches
  14 goblins
  5 hobgoblins
  4 jackals (D:1)
  A quokka (D:1)
  A bat (D:1)
  4 kobolds
  A rat (D:2)
38 creatures vanquished.

Notes
Turn   | Place    | Note
-------+----------+-------------------------------------------
     0 | D:1      | miscthings the Oni Shapeshifter began the quest for the
                  | Orb.
     0 | D:1      | Reached XP level 1. HP: 19/19 MP: 1/1
   120 | D:1      | Reached XP level 2. HP: 24/27 MP: 2/2
   245 | D:1      | HP: 1/27 [frozen (3)]
   247 | D:1      | Reached XP level 3. HP: 2/33 MP: 3/3
   556 | D:1      | Reached skill level 4 in Shapeshifting
   607 | D:2      | Found Acwago's Armour Boutique.
   697 | D:2      | Identified the +0 helmet of Ogoacoit {rElec}
   697 | D:2      | Noticed Robin
   713 | D:2      | Reached XP level 4. HP: 36/41 MP: 4/4
   738 | D:2      | Slain by Robin

Illustrated notes

Levels and vault maps discovered:
D:1:      enne_arrival_octagon_isle, layout_basic
D:2:      layout_rooms, serial_shops, nicolae_shop_hallway_stairs,
          nicolae_underground_beach, uniq_robin, uniq_natasha

Skill      XL: |  1  2  3 |
---------------+----------+-----
Shapeshifting  | 4 |  4.6
Fighting       | |  1.3
Dodging        | |  1.7
Unarmed Combat | |  2.6

Action                     |  1- 3 |  4- 6 || total
---------------------------+-------+-------++-------
  Melee: Unarmed           |    79 |    16 ||    95
         Headbutt          |     5 |     1 ||     6
         Punch             |     3 |       ||     3
 Armour: Animal skin       |    50 |    17 ||    67
  Dodge: Dodged            |    35 |    19 ||    54

Table legend: (Time is in decaauts)
 A = Elapsed time spent in this place.
 B = Non-inter-level travel time spent in this place.
 C = Inter-level travel time spent in this place.
 D = Time resting spent in this place.
 E = Time spent auto-exploring this place.
 F = Levels seen in this place.
 G = Mean time per level.
                   A        B        C        D        E       F      G
               +--------+--------+--------+--------+--------+-----+--------+
         Total |    733 |    707 |     26 |    122 |    394 |   2 |  366.5 |
       Dungeon |    733 |    707 |     26 |    122 |    394 |   2 |  366.5 |
               +--------+--------+--------+--------+--------+-----+--------+

Top non-repeatable levels by time:
     D:1: 591 daAuts
     D:2: 141 daAuts
